 Dungeon Crawl Stone Soup version 0.30-a0-737-gf23d94013f (webtiles) character file.

Game seed: 16271806216771688038

480 retardedninja the Shield-Bearer (level 7, 44/44 HPs)
             Began as a Gargoyle Fighter on Feb 2, 2023.
             Was a Follower of Okawaru.
             Quit the game on level 4 of the Dungeon.
             The game lasted 00:05:28 (3300 turns).

retardedninja the Shield-Bearer (Gargoyle Fighter)  Turns: 3300, Time: 00:05:29

Health: 44/44      AC: 13    Str: 22    XL:     7   Next: 12%
Magic:  7/7        EV:  9    Int:  8    God:    Okawaru [*.....]
Gold:   115        SH:  4    Dex:  9    Spells: 6/6 levels left

rFire   . . .      SeeInvis .    m - +2 broad axe (elec)
rCold   . . .      Faith    .    c - +0 buckler
rNeg    + . .      Spirit   .    b - +0 scale mail
rPois   ∞          Reflect  .    (no helmet)
rElec   +          Harm     .    n - +0 cloak
rCorr   .          Rampage  .    (no gloves)
Will    .....                    (no boots) Stlth
                                 (no amulet)
HPRegen 0.27/turn                (no ring)
MPRegen 0.10/turn                (no ring)

@: no status effects
A: sickness immunity, AC +4, negative energy resistance 1, electricity
resistance, torment resistance 1, petrification resistance
a: Renounce Religion, Heroism


You were on level 4 of the Dungeon.
You worshipped Okawaru.
Okawaru was aware of your devotion.
You visited 1 branch of the dungeon, and saw 4 of its levels.

You collected 115 gold pieces.

Inventory:

Hand Weapons
 a - a +0 flail
 m - a +2 broad axe of electrocution (weapon)
Armour
 b - a +0 scale mail (worn)
 c - a +0 buckler (worn)
 n - a +0 cloak (worn)
Jewellery
 r - a ring of magical power
Wands
 h - a wand of iceblast (8)
 k - a wand of charming (7)
Scrolls
 d - 3 scrolls of vulnerability {unknown}
 e - 2 scrolls of brand weapon
 j - a scroll of amnesia {unknown}
 l - 2 scrolls of enchant armour {unknown}
 p - 2 scrolls of magic mapping {unknown}
 q - a scroll of teleportation {unknown}
Potions
 f - 2 potions of attraction
 g - a potion of curing
 i - 4 potions of brilliance
 o - a potion of invisibility


   Skills:
 + Level 5.1 Fighting
 + Level 3.9 Maces & Flails
 + Level 5.1 Armour
 + Level 5.1 Shields


You had 6 spell levels left.
You didn't know any spells.
Your spell library contained the following spells:

 Spells                   Type           Power      Damage    Failure   Level
 Sandblast                Erth           0%         2d4       80%         1
 Passwall                 Tmut/Erth      0%         N/A       91%         2
 Stone Arrow              Conj/Erth      0%         3d7       99%         3
 Alistair's Intoxication  Tmut/Pois      0%         N/A       100%        5
 Borgnjor's Vile Clutch   Necr/Erth      0%         N/A       100%        5
 Eringya's Noxious Bog    Tmut/Pois      0%         N/A       100%        6


Dungeon Overview and Level Annotations

Branches:
Dungeon (4/15)
 Temple: D:4-7

Altars:
Gozag
Okawaru

Annotations:
D:3 3 runed translucent doors, TheSexyCheese's ghost, amateur DsGl


Innate Abilities, Weirdness & Mutations

You are immune to sickness and miasma.
Your stone body is resilient. (AC +4)
You are immune to poison.
You resist negative energy. (rN+)
You are resistant to electric shocks. (rElec)
You are resistant to unholy torment.
You are immune to petrification.


Message History

An adder is nearby!
You closely miss the adder. The adder closely misses you.
The adder bites you but does no damage.
An adder is nearby!
You miss the adder. The adder barely misses you.
An adder is nearby!
You closely miss the adder. The adder bites you but does no damage.
The adder misses you.
An adder is nearby!
An adder is nearby!
You sock the adder!
You kill the adder!
Okawaru accepts your kill.
You can now gain great but temporary skills.
Key pressed, stopping explore.
No target in view!
Key pressed, stopping explore.
No target in view!
s - 2 scrolls of identify No target in view!
Unknown command.
Key pressed, stopping explore.
No target in view!
Found a leather armour.
l - 2 scrolls labelled DOGEGY NIKKY (gained 1) Key pressed, stopping explore.
No target in view!
Key pressed, stopping explore.
Key pressed, stopping explore.
Key pressed, stopping explore.
Key pressed, stopping explore.
As you read the scroll of identify, it crumbles to dust.
o - a potion of invisibility
As you read the scroll of identify, it crumbles to dust.
m - a scroll of acquirement Something appears at your feet!
m - a +2 broad axe of electrocution You hear the crackle of electricity.
m - a +2 broad axe of electrocution (weapon)
Are you sure you want to abandon this character and quit the game? (Confirm with "yes".)

#........# ##### #........#
....########........#
...........#........#
....................#
....................#############
#.#.................#............
#.#.............@...#............
....................+.........>..
#(#.................#............
#...................#............
###.........#....####............
###.........##.#.# #...........#
..#.........##.#.# #...........#
#.#............#.## #....(......#
#..###########<...###............


There were no monsters in sight!

Vanquished Creatures
  A black bear (D:4)
  A scorpion (D:4)
  2 hounds (D:4)
  2 orc priests
  3 orc wizards
  4 adders
  An ufetubus (D:4)
  4 worms
  2 dart slugs
  9 orcs
  3 bats (D:1)
  7 endoplasms
  4 giant cockroaches
  6 goblins
  8 hobgoblins
  4 kobolds
  A quokka (D:1)
  6 ball pythons
  6 frilled lizards
  7 rats
81 creatures vanquished.

Notes
Turn   | Place    | Note
-------+----------+-------------------------------------------
     0 | D:1      | retardedninja the Gargoyle Fighter began the quest for the
                  | Orb.
     0 | D:1      | Reached XP level 1. HP: 14/14 MP: 1/1
   103 | D:1      | Reached XP level 2. HP: 19/19 MP: 2/2
   828 | D:1      | Reached XP level 3. HP: 23/23 MP: 3/3
  1422 | D:2      | Reached XP level 4. HP: 29/29 MP: 4/4
  1608 | D:3      | Noticed TheSexyCheese's ghost (amateur DsGl)
  1766 | D:3      | Found an iron altar of Okawaru.
  1784 | D:3      | Became a worshipper of Warmaster Okawaru
  1788 | D:3      | Found an opulent altar of Gozag.
  1897 | D:3      | Reached XP level 5. HP: 29/33 MP: 5/5
  2152 | D:3      | Found a runed translucent gate.
  2356 | D:3      | Found a runed translucent gate.
  2356 | D:3      | Found a runed translucent gate.
  2614 | D:4      | Noticed a black bear
  2626 | D:4      | Killed a black bear
  2627 | D:4      | Reached XP level 6. HP: 26/39 MP: 6/6
  2760 | D:4      | Reached skill level 5 in Fighting
  2760 | D:4      | Reached skill level 5 in Shields
  2762 | D:4      | Reached skill level 5 in Armour
  2778 | D:4      | Reached XP level 7. HP: 30/44 MP: 7/7
  3200 | D:4      | Reached * piety under Okawaru
  3296 | D:4      | Identified a scroll of acquirement
  3297 | D:4      | Acquired a +2 broad axe of electrocution
  3300 | D:4      | Quit the game

Illustrated notes

Levels and vault maps discovered:
D:1:      giann_horns, layout_basic, nicolae_hexahallways
D:2:      layout_rooms
D:3:      layout_basic, mainiacjoe_overflow_large_starburst,
          gammafunk_ghost_icy, nicolae_underground_beach
D:4:      layout_basic

Skill      XL: |  1  2  3  4  5  6 |
---------------+-------------------+-----
Armour         | 4 5 |  5.1
Fighting       | 4 5 |  5.1
Shields        | 4 5 |  5.1
Maces & Flails | 3 |  3.9

Action                     |  1- 3 |  4- 6 |  7- 9 || total
---------------------------+-------+-------+-------++-------
  Melee: Flail             |   129 |   128 |    22 ||   279
  Evoke: Wand              |       |     3 |       ||     3
    Use: Potion            |     1 |     3 |       ||     4
         Scroll            |       |     2 |     3 ||     5
 Armour: Scale mail        |    67 |    81 |    13 ||   161
  Dodge: Dodged            |    69 |    79 |    10 ||   158
  Block: Buckler           |    32 |    33 |     6 ||    71

Table legend: (Time is in decaauts)
 A = Elapsed time spent in this place.
 B = Non-inter-level travel time spent in this place.
 C = Inter-level travel time spent in this place.
 D = Time resting spent in this place.
 E = Time spent auto-exploring this place.
 F = Levels seen in this place.
 G = Mean time per level.
                   A        B        C        D        E       F      G
               +--------+--------+--------+--------+--------+-----+--------+
         Total |   3367 |   3316 |     51 |    881 |   1795 |   4 |  841.8 |
       Dungeon |   3367 |   3316 |     51 |    881 |   1795 |   4 |  841.8 |
               +--------+--------+--------+--------+--------+-----+--------+

Top non-repeatable levels by time:
     D:1: 1060 daAuts
     D:3: 996 daAuts
     D:4: 813 daAuts
     D:2: 498 daAuts
